 Dungeon Crawl Stone Soup version 0.25-a0-949-gdd2af9e06e (webtiles) character file.

Game seed: 9926215126208068207, levelgen mode: deterministic

12282 pantherbaby the Blocker (level 11, -7/75 HPs)
             Began as a Demonspawn Fighter on Mar 28, 2020.
             Was an Elder of Qazlal.
             Mangled by a slime creature (9 damage)
             ... on level 12 of the Dungeon on May 8, 2020.
             The game lasted 00:37:15 (12579 turns).

pantherbaby the Blocker (Demonspawn Fighter)       Turns: 12579, Time: 00:37:16

Health: -7/75      AC: 17    Str: 19    XL:     11   Next: 60%
Magic:  0/11       EV:  5    Int: 10    God:    Qazlal [****..]
Gold:   777        SH: 17    Dex: 13    Spells: 10/10 levels left

rFire    . . .     SeeInvis .   F - +2 war axe (vorpal)
rCold    . . .     Gourm    .   c - +0 kite shield
rNeg     . . .     Faith    .   a - +0 plate armour
rPois    +         Spirit   +   (no helmet)
rElec    .         Reflect  .   j - +2 cloak {rPois}
rCorr    .         Harm     .   (no gloves)
MR       +....                  (no boots)
Stlth    ..........             k - amulet of guardian spirit
HPRegen  0.22/turn              n - ring of protection from magic
MPRegen  0.12/turn              (no ring)

@: studying Polearms, repel missiles
A: hooves 1, molten scales 2, demonic guardian 1, nightstalker 1
a: Upheaval, Elemental Force, Renounce Religion


You were on level 12 of the Dungeon.
You worshipped Qazlal.
Qazlal was greatly pleased with you.
You were not hungry.

You visited 2 branches of the dungeon, and saw 13 of its levels.
You visited 1 bazaar.

You collected 996 gold pieces.
You spent 219 gold pieces at shops.

Inventory:

Hand Weapons
 F - a +2 vorpal war axe (weapon)
Missiles
 s - 89 poisoned darts (quivered)
Armour
 a - a +0 plate armour (worn)
 c - a +0 kite shield (worn)
 j - a +2 cloak of poison resistance (worn)
Jewellery
 k - an amulet of guardian spirit (around neck)
 n - a ring of protection from magic (left hand)
 r - an uncursed amulet of faith
Wands
 v - a wand of disintegration (9)
 w - a wand of acid (10)
 C - a wand of iceblast (12)
 E - a wand of paralysis (11)
 I - a wand of digging (3)
 K - a wand of clouds (5)
Scrolls
 b - a scroll of vulnerability {unknown}
 e - 6 scrolls of enchant armour
 h - a scroll of immolation
 i - 13 scrolls of remove curse
 t - 4 scrolls of teleportation
 u - a scroll of noise {unknown}
 x - 3 scrolls of enchant weapon
 y - a scroll of summoning {unknown}
 A - 2 scrolls of magic mapping
 J - a scroll of fear
 L - a scroll of random uselessness {unknown}
 O - a scroll of blinking
Potions
 d - a potion of might
 g - 3 potions of curing
 l - a potion of flight {unknown}
 m - a potion of stabbing
 o - 2 potions of brilliance
 p - 2 potions of resistance
 q - 3 potions of heal wounds
 D - 2 potions of magic
 G - a potion of mutation
 M - a potion of cancellation {unknown}
Books
 H - a manual of Polearms
Comestibles
 f - 26 rations


   Skills:
 - Level 3.2 Fighting
 * Level 12.0 Axes
 + Level 3.2 Armour
 + Level 12.1 Shields


You had 10 spell levels left.
You didn't know any spells.
Your spell library contained the following spells:

 Spells                   Type           Power        Failure   Level  Hunger
 Animate Skeleton         Necr           N/A          100%        1    ##.....
 Apportation              Tloc           #.....       100%        1    ##.....
 Pain                     Necr           #...         100%        1    ##.....
 Sandblast                Erth           #.....       100%        1    ##.....
 Blink                    Tloc           N/A          100%        2    ###....
 Passwall                 Tmut/Erth      #.......     100%        2    ###....
 Poisonous Vapours        Pois/Air       #.....       100%        2    ###....
 Confusing Touch          Hex            #.......     100%        3    ####...
 Gell's Gravitas          Tloc           #.........   100%        3    ####...
 Ignite Poison            Fire/Tmut/Pois #.......     100%        3    ####...
 Mephitic Cloud           Conj/Pois/Air  #.......     100%        3    ####...
 Stone Arrow              Conj/Erth      #.....       100%        3    ####...
 Teleport Other           Tloc           #.......     100%        3    ####...
 Vampiric Draining        Necr           #.........   100%        3    ####...
 Animate Dead             Necr           N/A          100%        4    #####..
 Passage of Golubria      Tloc           N/A          100%        4    #####..
 Petrify                  Tmut/Erth      #.......     100%        4    #####..
 Agony                    Necr           #.......     100%        5    ######.
 Fireball                 Conj/Fire      #.........   100%        5    ######.
 Lee's Rapid Deconstruct  Erth           #.........   100%        5    ######.
 Metabolic Englaciation   Hex/Ice        #.........   100%        5    ######.
 Yara's Violent Unravell  Hex/Tmut       #.........   100%        5    ######.
 Starburst                Conj/Fire      #.........   100%        6    #######
 Ring of Flames           Chrm/Fire      #.........   100%        7    #######
 Ignition                 Fire           #.........   100%        8    #######


Dungeon Overview and Level Annotations

Branches:
Dungeon (12/15)            Temple (1/1) D:7            Lair (0/6) D:11
    Orc (0/2) D:9

Altars:
Ashenzari
Cheibriados
Dithmenos
Elyvilon
Fedhas
Gozag
Hepliaklqana
Kikubaaqudgha
Makhleb
Nemelex Xobeh
Okawaru
Qazlal
Ru
Sif Muna
Trog
Uskayaw
Vehumet
Wu Jian
Xom
Yredelemnul
Zin
The Shining One


Innate Abilities, Weirdness & Mutations

You have large cloven feet.
You are mostly covered in molten scales. (AC +3)
A weak demonic guardian rushes to your aid.
You are slightly more attuned to the shadows.


Message History

Your quasit barely misses the enormous slime creature.
You slash the enormous slime creature! You kick the enormous slime creature.
The enormous slime creature is heavily wounded.
You hit the slime creature. x2; You block the slime creature's attack.
The slime creature hits you but does no damage.
The enormous slime creature hits you!!!
Ouch! That really hurt!
* * * LOW HITPOINT WARNING * * *
Your quasit bites the enormous slime creature.
Your quasit claws the enormous slime creature.
Your quasit claws the enormous slime creature but does no damage.
The enormous slime creature completely misses your quasit.
You hit the slime creature. Your kick misses the slime creature.
The slime creature is severely wounded.
You hit the slime creature. You block the slime creature's attack.
Your quasit bites the enormous slime creature.
Your quasit claws the enormous slime creature.
Your quasit claws the enormous slime creature but does no damage.
The slime creature hits you!
You die...

#.##...########.# .. ..
#.##...# #.# #.# #. ##'##...#
#.# #...#% ##...##### #.#
#.#.#. ##.....## ### #.#
#..... ##.......## ##.###.#
##....####....☼....####...##.#
.......†.'....○J...'.......#.#
......####.....J@°.####..)##.#
##.#.# ##.......## ##.#)..# #
## ##.5J○5## ###.### ##.§.##
#)# ##+## #(# ###.###### #(#
#........######.#
#.#..........)..#
###....###.########


You could see an enormous slime creature, 2 slime creatures, a friendly quasit
and a friendly ufetubus.

Vanquished Creatures
  2 ugly things
  A manticore (D:11)
  Maurice (D:8)
  Maggie (D:7)
  4 kobold demonologists
  A troll (D:11)
  A hornet (D:11)
  15 yaks
  A vampire (D:11)
  A wyvern (D:8)
  Grum (D:9)
  2 humans (D:11)
  2 hungry ghosts (D:7)
  Menkaure (D:7)
  Duvessa (D:6)
  3 ice beasts
  3 sky beasts
  2 orc warriors (D:11)
  4 phantoms
  2 ogres
  4 wolves
  4 big kobolds
  6 bullfrogs
  Dowan (D:6)
  2 scorpions (D:11)
  A wyvern skeleton (D:10)
  3 killer bees (D:10)
  4 howler monkeys
  4 crimson imps
  A quasit (D:11)
  9 hounds
  A bullfrog zombie (D:8)
  4 bullfrog skeletons
  8 jellies
  A centaur skeleton (D:7)
  7 orc priests
  15 orc wizards
  4 iguanas
  10 worker ants
  A hound zombie (D:5)
  3 hound skeletons
  A howler monkey zombie (D:6)
  13 adders
  5 gnolls
  2 shadow imps (D:6)
  6 oozes
  An adder zombie (D:5)
  2 adder skeletons
  2 worms (D:3)
  A dart slug (D:3)
  8 leopard geckos
  49 orcs
  10 giant cockroaches
  19 goblins
  14 hobgoblins
  4 jackals (D:7)
  16 kobolds
  6 quokkas
  A ball python (D:2)
  7 bats
  5 frilled lizards
  A jackal skeleton (D:7)
  A leopard gecko skeleton (D:4)
  10 rats
326 creatures vanquished.

Vanquished Creatures (collateral kills)
  A two-headed ogre (D:11)
  2 yaks (D:11)
  A wraith (D:11)
  A bullfrog (D:11)
  A hound (D:11)
  An orc wizard (D:10)
7 creatures vanquished.

Vanquished Creatures (others)
  A withered plant (D:9)
1 creature vanquished.

Grand Total: 334 creatures vanquished

Notes
Turn   | Place    | Note
-------+----------+-------------------------------------------
     0 | D:1      | pantherbaby the Demonspawn Fighter began the quest for the
                  | Orb.
     0 | D:1      | Reached XP level 1. HP: 18/18 MP: 1/1
   155 | D:1      | Gained mutation: You are partially covered in molten
                  | scales. (AC +2) [demonic ancestry]
   155 | D:1      | Reached XP level 2. HP: 24/24 MP: 2/2
   631 | D:2      | Reached XP level 3. HP: 29/29 MP: 3/3
   859 | D:2      | Reached XP level 4. HP: 35/35 MP: 2/4
  1105 | D:2      | Found an iron altar of Okawaru.
  1108 | D:2      | Found a snail-covered altar of Cheibriados.
  1597 | D:3      | Gained mutation: You are mostly covered in molten scales.
                  | (AC +3) [demonic ancestry]
  1597 | D:3      | Reached XP level 5. HP: 13/41 MP: 2/5
  2225 | D:3      | Found an opulent altar of Gozag.
  2502 | D:4      | Gained mutation: You have large cloven feet. [demonic
                  | ancestry]
  2502 | D:4      | Reached XP level 6. HP: 38/47 MP: 4/6
  3168 | D:4      | Reached skill level 5 in Shields
  3762 | D:5      | Entered Level 5 of the Dungeon
  3847 | D:5      | Noticed an ice beast
  3868 | D:5      | Killed an ice beast
  3868 | D:5      | Reached skill level 5 in Axes
  3868 | D:5      | Reached XP level 7. HP: 42/52 MP: 4/7
  4339 | D:5      | Found a shattered altar of Ashenzari.
  4613 | D:6      | Reached XP level 8. HP: 58/58 MP: 6/8
  4989 | D:6      | Noticed Duvessa
  4989 | D:6      | Noticed Dowan
  5015 | D:6      | Killed Duvessa
  5035 | D:6      | Killed Dowan
  5265 | D:6      | Got a slimy quarterstaff
  5578 | D:5      | Found a sparkling altar of Nemelex Xobeh.
  5578 | D:5      | Found a glowing golden altar of the Shining One.
  5644 | D:7      | Identified the +7 quarterstaff of Bodily Harmony {chaos,
                  | +Rage Int+3} (You found it on level 6 of the Dungeon)
  5709 | D:7      | Noticed Menkaure
  5718 | D:7      | Killed Menkaure
  6034 | D:7      | Noticed Maggie
  6050 | D:7      | Killed Maggie
  6050 | D:7      | Gained mutation: You are slightly more attuned to the
                  | shadows. [demonic ancestry]
  6050 | D:7      | Reached XP level 9. HP: 30/64 MP: 5/9
  6290 | D:7      | Found a shimmering altar of Xom.
  6290 | D:7      | Found a glowing silver altar of Zin.
  6290 | D:7      | Noticed an angel
  6549 | D:7      | Found a staircase to the Ecumenical Temple.
  6560 | Temple   | Entered the Ecumenical Temple
  6747 | Temple   | Became a worshipper of Qazlal Stormbringer
  7182 | D:8      | Found a sacrificial altar of Ru.
  7425 | D:8      | Reached * piety under Qazlal
  7832 | D:8      | Noticed a cyan ugly thing
  7844 | D:8      | Killed a cyan ugly thing
  7844 | D:8      | Gained mutation: A weak demonic guardian rushes to your
                  | aid. [demonic ancestry]
  7844 | D:8      | Reached XP level 10. HP: 70/70 MP: 10/10
  8322 | D:9      | Reached skill level 10 in Shields
  8331 | D:9      | Reached ** piety under Qazlal
  8568 | D:9      | Found an ancient bone altar of Kikubaaqudgha.
  8687 | D:9      | Found a staircase to the Orcish Mines.
  8754 | D:9      | Noticed Grum
  8761 | D:9      | Reached skill level 10 in Axes
  8775 | D:9      | Noticed Maurice
  9129 | D:8      | Killed Maurice
  9245 | D:9      | Killed Grum
  9356 | D:10     | Entered Level 10 of the Dungeon
 10449 | D:11     | Reached *** piety under Qazlal
 10449 | D:11     | Reached XP level 11. HP: 44/75 MP: 9/11
 10517 | D:11     | Found a flickering gateway to a bazaar.
 10530 | Bazaar   | Entered a bazaar
 10530 | Bazaar   | Found Onoduul's Jewellery Boutique.
 10530 | Bazaar   | Found Itanua's Weapon Shoppe.
 10530 | Bazaar   | Found Tokothra's Magic Scroll Shop.
 10534 | Bazaar   | Found Sosarou's Book Shop.
 10606 | Bazaar   | Bought a scroll of enchant armour for 67 gold pieces
 10606 | Bazaar   | Bought a scroll of identify for 18 gold pieces
 10606 | Bazaar   | Bought a scroll of identify for 18 gold pieces
 10606 | Bazaar   | Bought a scroll of identify for 18 gold pieces
 10606 | Bazaar   | Bought a scroll of magic mapping for 31 gold pieces
 10606 | Bazaar   | Bought a scroll of blinking for 67 gold pieces
 10803 | D:11     | Found a staircase to the Lair.
 10954 | D:11     | Noticed a sixfirhy
 11413 | D:11     | Noticed a two-headed ogre
 11421 | D:11     | Killed a two-headed ogre
 11432 | D:11     | Noticed a brown ugly thing
 11465 | D:11     | Killed a brown ugly thing
 11857 | D:11     | Identified the Grimoire of Warped Contamination
 12318 | D:11     | Upgraded the game from 0.25-a0-668-gea548f19b6 to
                  | 0.25-a0-949-gdd2af9e06e
 12458 | D:12     | Reached **** piety under Qazlal
 12577 | D:12     | HP: 1/75 [enormous slime creature (50)]
 12579 | D:12     | Mangled by a slime creature

Levels and vault maps discovered:
D:1:      nicolae_arrival_washed_ashore, layout_rooms, minmay_misc_feat_square
D:2:      layout_basic, minitemple
D:3:      layout_loops_ring, marbit_many_paths
D:4:      layout_basic
D:5:      minmay_evil_eye, layout_loops_ring, nicolae_overflow_hidden_temple,
          first_ration, cheibrodos_ashenzari_chains
D:6:      corexii_shantytown, layout_basic, uniq_duvessa
D:7:      layout_basic, grunt_temple_overflow_order_and_chaos_1,
          minmay_temple_entry_junction, minmay_manual_mullet, uniq_menkaure,
          uniq_maggie
D:8:      layout_basic, hangedman_little_slice_of_home,
          nicolae_ru_sacrificial_ziggurat
D:9:      wander_river, layout_rooms, kiku_gazebo_garden_becter, orc_0_dummy,
          uniq_grum, uniq_maurice
D:10:     layout_stronghold
D:11:     layout_loops_corners, lair_entry_dummy, serial_shops,
          bzr_entry_customers
D:12:     layout_loops_corners
Temple:   eino_temple_water

Skill      XL: |  1  2  3  4  5  6  7  8  9 10 11 |
---------------+----------------------------------+-----
Axes           | 2 3 4 5 6 7 9 11 12 | 12.0
Shields        | 3 4 5 6 8 9 11 12 | 12.1
Armour         | 3 |  3.2
Fighting       | |  3.2

Action                   |  1- 3 |  4- 6 |  7- 9 | 10-12 || total
-------------------------+-------+-------+-------+-------++-------
Melee: War axe           |    91 |   225 |   532 |   498 ||  1346
       Kick              |       |    23 |   150 |   153 ||   326
Throw: Dart              |       |       |       |     6 ||     6
  Use: Scroll            |       |       |     8 |    15 ||    23
       Potion            |       |       |       |     3 ||     3
 Stab: Distracted        |       |       |       |     3 ||     3
  Eat: Chunk             |       |     8 |    16 |    13 ||    37
       Ration            |       |       |     2 |     1 ||     3
Armor: Scale mail        |    38 |    64 |       |       ||   102
       Chain mail        |       |    45 |   262 |    32 ||   339
       Plate armour      |       |       |       |   170 ||   170
       Skin              |       |       |       |     7 ||     7
Dodge: Dodged            |    31 |    78 |    85 |    52 ||   246
Block: Kite shield       |    46 |   138 |   269 |   354 ||   807

Table legend:
 A = Non-vault XP
 B = Vault XP
 C = Vault XP percentage of total XP
 D = Non-vault monster count
 E = Vault monster count
 F = Vault count percentage of total count
                 A         B        C        D         E       F
            +---------+---------+-------+---------+---------+-------
      Total |   14666 |    2880 |  16.4 |     272 |      61 |  18.3
            +---------+---------+-------+---------+---------+-------
        D:1 |      20 |       0 |   0.0 |      14 |       0 |   0.0
        D:2 |     116 |       0 |   0.0 |      24 |       0 |   0.0
        D:3 |     153 |       2 |   1.3 |      27 |       1 |   3.6
        D:4 |     369 |       0 |   0.0 |      14 |       0 |   0.0
        D:5 |     681 |      55 |   7.5 |      22 |       2 |   8.3
        D:6 |     647 |     309 |  32.3 |      24 |      36 |  60.0
        D:7 |     507 |     908 |  64.2 |      20 |       6 |  23.1
        D:8 |    1994 |     818 |  29.1 |      35 |      11 |  23.9
        D:9 |     877 |     396 |  31.1 |       9 |       3 |  25.0
       D:10 |    1080 |       0 |   0.0 |      20 |       0 |   0.0
       D:11 |    7187 |     392 |   5.2 |      52 |       2 |   3.7
       D:12 |    1035 |       0 |   0.0 |      11 |       0 |   0.0
            +---------+---------+-------+---------+---------+-------
